Map: Snowy Mesa

Players

Amix - Winner!

  • Race: Protoss Protoss
  • League: Platinum
  • Spawn Location: 6:00

llllllllllll - Winner!

  • Race: Terran Terran
  • Spawn Location: 6:00

A.I. 2 (Elite)

  • Race: Zerg Zerg
  • Spawn Location: 12:00

A.I. 3 (Elite)

  • Race: Zerg Zerg
  • Spawn Location: 12:00

VOD

Have the link to the VOD?

Description

Time

  • Played on: Nov. 29, 2016, 8:21 a.m.
  • Length: 10:55
Show
View Real Time Build Order
Export as new Build Order

Amix Protoss - Winner!

Build Orders: 1 Gate Expand 

Get SALT Encoding   

  12  0:01  Probe (Chrono Boost)  
  13  0:13  Probe (Chrono Boost)  
  14  0:28  Probe (Chrono Boost), Pylon  
  15  0:34  Pylon  
  15  0:46  Probe (Chrono Boost)  
  15  0:48  Gateway  
  16  0:56  Probe (Chrono Boost)  
  17  1:21  Nexus  
  18  1:25  Probe (Chrono Boost)  
  18  1:34  Assimilator  
  18  1:35  Assimilator  
  18  1:44  Zealot (Chrono Boost)  
  20  1:59  Gateway  
  21  2:01  Probe  
  21  2:13  Zealot (Chrono Boost), Probe  
  24  2:20  Cybernetics Core  
  24  2:25  Probe  
  25  2:36  Zealot (Chrono Boost)  
  27  2:37  Probe  
  28  2:50  Probe  
  30  2:51  Probe  
  30  2:53  Zealot (Chrono Boost)  
  32  3:06  Probe, Stargate  
  32  3:09  Mothership Core  
  35  3:18  Probe  
  36  3:30  Probe  
  29  3:57  Pylon  
  29  3:58  Warp Gate (Chrono Boost), Pylon  
  29  4:01  Adept (Chrono Boost)  
  31  4:03  Pylon  
  31  4:07  Void Ray  
  35  4:15  Probe  
  38  4:17  Probe  
  38  4:18  Zealot (Chrono Boost)  
  39  4:24  Assimilator  
  39  4:25  Adept (Chrono Boost)  
  39  4:27  Probe  
  39  4:28  Assimilator  
  42  4:50  Probe x2  
  44  5:02  Probe x2  
  46  5:09  Pylon  
  46  5:15  Probe  
  46  5:16  Probe  
  46  5:17  Fleet Beacon  
  48  5:27  Void Ray  
  48  5:28  Probe x2 (Chrono Boost)  
  54  5:39  Probe (Chrono Boost)  
  54  5:41  Probe (Chrono Boost)  
  56  5:50  Probe (Chrono Boost)  
  56  5:53  Probe (Chrono Boost)  
  58  6:00  Probe (Chrono Boost)  
  58  6:02  Stargate  
  60  6:06  Probe (Chrono Boost)  
  60  6:07  Stargate  
  60  6:08  Stargate  
  60  6:10  Protoss Air Weapons Level 1  
  60  6:11  Probe (Chrono Boost)  
  61  6:18  Probe (Chrono Boost)  
  62  6:21  Probe (Chrono Boost)  
  63  6:30  Probe (Chrono Boost)  
  63  6:32  Probe (Chrono Boost)  
  65  6:33  Pylon  
  65  6:34  Pylon  
  65  6:41  Pylon x2  
  65  6:42  Probe (Chrono Boost)  
  65  6:43  Probe (Chrono Boost)  
  67  6:50  Carrier  
  67  6:53  Probe (Chrono Boost)  
  75  6:54  Probe (Chrono Boost)  
  75  7:04  Nexus  
  75  7:06  Probe (Chrono Boost), Pylon  
  76  7:20  Assimilator  
  76  7:25  Assimilator  
  76  7:26  Probe (Chrono Boost)  
  76  7:27  Probe (Chrono Boost)  
  78  7:37  Probe (Chrono Boost)  
  79  7:40  Probe (Chrono Boost)  
  78  7:47  Probe (Chrono Boost)  
  78  7:50  Carrier (Chrono Boost)  
  78  7:51  Carrier (Chrono Boost)  
  92  7:52  Probe (Chrono Boost)  
  92  7:58  Carrier (Chrono Boost), Probe (Chrono Boost)  
  99  8:04  Probe (Chrono Boost)  
  100  8:16  Probe (Chrono Boost)  
  101  8:23  Pylon  
  101  8:25  Carrier (Chrono Boost), Pylon  
  107  8:34  Protoss Air Armor Level 1 (Chrono Boost)  
  107  8:43  Graviton Catapult  
  107  9:12  Nexus  
  107  9:14  Pylon  
  107  9:15  Pylon  
  107  9:16  Carrier (Chrono Boost)  
  119  9:28  Carrier (Chrono Boost)  
  125  9:31  Tempest (Chrono Boost)  
  125  9:43  Probe  
  125  9:44  Probe x2  
  128  9:46  Tempest (Chrono Boost)  
  128  9:52  Pylon  
  134  9:53  Pylon  
  134  9:55  Probe  
  134  9:56  Probe x2  
  137  10:08  Probe x3  
  146  10:20  Probe x3  
  161  10:32  Probe x2  
Show
View Real Time Build Order
Export as new Build Order

llllllllllll Terran - Winner!

Build Orders: Command Center First (CC), MMM Bio 

Get SALT Encoding   

  12  0:01  SCV  
  13  0:13  SCV  
  14  0:19  Supply Depot  
  14  0:25  SCV  
  15  0:41  SCV  
  16  0:57  Command Center  
  16  1:01  SCV  
  17  1:11  Barracks  
  17  1:18  Refinery  
  17  1:21  SCV  
  18  1:33  SCV  
  19  1:45  SCV  
  20  1:54  Barracks  
  20  1:58  SCV  
  20  2:01  Reaper  
  22  2:11  Orbital Command x2  
  22  2:25  Barracks  
  22  2:29  Supply Depot  
  22  2:33  Barracks Reactor  
  22  2:38  SCV x2  
  22  2:42  Barracks Tech Lab  
  24  2:54  SCV x2  
  26  3:00  Supply Depot  
  26  3:17  Marine x2, Barracks Reactor  
  26  3:18  Marauder  
  26  3:19  SCV x2  
  31  3:25  Refinery  
  31  3:31  SCV  
  31  3:32  SCV  
  33  3:35  Marine x2  
  33  3:40  Marauder  
  37  3:45  SCV x2  
  39  4:01  Marine  
  39  4:02  Marine x3  
  41  4:04  Marauder  
  41  4:05  Stimpack  
  41  4:07  SCV x2  
  47  4:13  Refinery  
  47  4:19  SCV  
  47  4:20  Marine x4, SCV  
  47  4:21  Factory  
  53  4:29  Supply Depot  
  53  4:30  Supply Depot x2  
  53  4:31  SCV  
  53  4:32  Supply Depot  
  54  4:49  SCV x2  
  54  4:50  Marauder  
  58  4:54  Marine x4  
  58  4:57  Barracks  
  58  4:58  Barracks  
  62  5:01  SCV, Command Center  
  63  5:07  Factory Reactor, Starport  
  63  5:16  Marine x3  
  63  5:17  Marine, Marauder  
  69  5:28  Supply Depot  
  69  5:29  Refinery, SCV  
  69  5:30  Supply Depot  
  69  5:31  SCV  
  71  5:52  Medivac x2  
  71  5:56  Barracks Reactor, Barracks Tech Lab  
  75  6:09  Marine x4  
  75  6:11  Marauder, Factory Tech Lab  
  81  6:15  Marauder  
  81  6:18  Concussive Shells, Combat Shields  
  83  6:22  Medivac x2  
  83  6:23  Orbital Command  
  87  6:28  Supply Depot x2  
  87  6:29  Supply Depot  
  87  6:34  Supply Depot  
  87  6:35  Supply Depot  
  87  6:52  Medivac x2  
  91  6:57  Supply Depot x2  
  91  6:58  Supply Depot  
  91  6:59  Supply Depot  
  91  7:14  Marine x5  
  91  7:15  Marine x3  
  98  7:17  Siege Tank  
  98  7:22  Medivac x2  
  105  7:31  Orbital Command  
  96  7:43  Marine x3  
  96  7:44  Marine x5  
  102  7:57  SCV x2  
  102  7:58  SCV  
  105  8:01  Marine x3  
  105  8:03  Marauder x2  
  112  8:10  Barracks x2  
  112  8:13  Barracks  
  112  8:15  Marine x2  
  112  8:16  Marine  
  112  8:19  Marine x2  
  117  8:33  Medivac x2  
  121  8:34  Siege Tank  
  121  8:35  Marine x2  
  121  8:36  Marine x2  
  121  8:37  Marine x2  
  129  8:43  Unknown x2  
  128  9:17  Barracks Reactor  
  128  9:29  Barracks Tech Lab  
  128  9:38  Unknown  
  128  9:39  Marine x4  
  128  9:40  Marine x2  
  128  9:41  Marauder x2, Refinery  
  128  9:43  Refinery  
  138  9:49  Marine  
  138  9:50  Marine  
  140  9:55  Medivac  
  140  9:56  Medivac  
  140  9:57  Marine x5, Siege Tank  
  140  9:58  Marine  
  153  10:02  Marine, Marauder  
  156  10:07  Marine  
  156  10:08  Marine  
  156  10:14  Marine  
  156  10:15  Marine x5  
  156  10:20  Marine  
  162  10:23  Marine  
  162  10:25  Marine  
  162  10:26  Marine  
  164  10:32  Marine x2  
  164  10:33  Marine x4  
Show
View Real Time Build Order
Export as new Build Order

A.I. 2 (Elite) Zerg 

Build Orders: Pool First 

Get SALT Encoding   

  12  0:01  Drone  
  13  0:12  Overlord  
  13  0:17  Drone  
  14  0:30  Drone x2  
  14  0:34  Drone  
  17  0:47  Spawning Pool  
  17  0:48  Drone  
  17  1:13  Drone, Hatchery  
  17  1:18  Drone, Extractor  
  16  1:22  Drone  
  18  1:27  Drone  
  19  1:38  Overlord  
  19  1:46  Queen  
  21  1:50  Zergling x2  
  22  1:59  Drone  
  23  2:10  Drone  
  24  2:21  Drone  
  24  2:22  Queen  
  27  2:25  Roach Warren  
  27  2:28  Drone  
  27  2:34  Drone  
  28  2:40  Zergling x2  
  28  2:42  Zergling x2  
  30  2:49  Overlord  
  30  2:53  Drone  
  30  2:55  Drone  
  30  2:56  Drone  
  33  3:00  Drone  
  34  3:08  Roach  
  34  3:09  Roach  
  38  3:16  Queen  
  40  3:21  Spore Crawler  
  40  3:23  Drone  
  40  3:29  Spore Crawler  
  40  3:30  Drone  
  40  3:33  Roach  
  42  3:35  Zergling x2  
  42  3:43  Overlord  
  42  3:48  Roach  
  42  3:50  Zergling x2  
  43  3:57  Overlord  
  43  4:01  Drone x2, Zergling x2  
  43  4:02  Overlord  
  46  4:06  Roach  
  48  4:10  Roach  
  48  4:16  Roach  
  48  4:17  Roach  
  54  4:20  Roach  
  54  4:23  Roach  
  58  4:26  Roach  
  58  4:29  Roach  
  63  4:31  Drone  
  63  4:33  Drone  
  63  4:35  Drone  
  63  4:37  Drone  
  66  4:40  Extractor  
  66  4:42  Drone  
  66  4:46  Overlord  
  66  4:50  Overlord  
  66  4:52  Drone  
  67  5:04  Drone x3, Roach x2  
  74  5:08  Roach  
  74  5:10  Roach  
  74  5:13  Overlord  
  78  5:16  Drone  
  78  5:17  Drone  
  78  5:19  Drone  
  81  5:21  Drone  
  82  5:31  Lair  
  82  5:33  Overlord  
  83  5:35  Drone  
  83  5:37  Drone  
  83  5:38  Drone  
  85  5:44  Drone  
  85  5:45  Drone  
  87  5:51  Overlord  
  87  5:57  Extractor  
  87  5:58  Drone  
  87  6:03  Extractor  
  87  6:04  Drone  
  87  6:12  Evolution Chamber  
  87  6:14  Drone  
  87  6:17  Evolution Chamber, Hatchery  
  87  6:18  Drone  
  86  6:19  Drone  
  86  6:20  Drone  
  86  6:22  Drone  
  86  6:24  Drone  
  90  6:26  Drone  
  90  6:27  Drone  
  90  6:31  Hydralisk Den, Overlord  
  91  6:33  Drone  
  91  6:34  Drone  
  91  6:35  Infestation Pit  
  91  6:37  Drone  
  93  6:40  Zerg Missile Weapons Level 1  
  93  6:46  Zerg Ground Armor Level 1  
  93  6:50  Ravager  
  94  7:01  Hydralisk x2  
  94  7:02  Spine Crawler  
  94  7:06  Hydralisk  
  99  7:10  Hydralisk  
  99  7:11  Overlord  
  99  7:12  Infestor  
  99  7:15  Overseer  
  103  7:24  Zergling x2  
  103  7:25  Zergling x4  
  103  7:26  Zergling x8  
  103  7:27  Zergling x4, Spine Crawler  
  103  7:29  Drone x2  
  109  7:30  Drone x2  
  109  7:34  Baneling Nest  
  78  7:38  Drone  
  78  7:39  Drone  
  78  7:40  Drone  
  78  7:42  Drone x2, Roach  
  85  7:50  Roach x2  
  85  7:51  Roach  
  91  7:52  Roach  
  91  7:53  Drone x2  
  95  8:00  Drone  
  95  8:01  Drone  
  95  8:02  Drone  
  98  8:10  Drone, Infestor, Roach  
  98  8:11  Spire  
  98  8:12  Drone  
  103  8:13  Drone  
  103  8:14  Drone  
  105  8:21  Drone  
  105  8:22  Drone  
  105  8:23  Roach x2  
  111  8:30  Zergling x2  
  111  8:31  Evolution Chamber, Zergling x2  
  111  8:32  Hydralisk  
  111  8:33  Drone, Extractor  
  100  8:35  Hydralisk  
  100  8:39  Roach, Zergling x2  
  100  8:40  Zergling x2  
  92  8:43  Hydralisk  
  92  8:44  Hydralisk  
  92  8:47  Zergling x2  
  95  8:49  Zergling x2  
  95  8:50  Roach, Zergling x2  
  98  8:59  Roach  
  98  9:01  Hydralisk  
  96  9:06  Roach  
  96  9:09  Drone, Roach  
  93  9:10  Roach  
  93  9:11  Drone  
  78  9:21  Zergling x2  
  78  9:23  Baneling x3  
  76  9:25  Mutalisk  
  76  9:27  Hatchery  
  70  9:34  Extractor  
  55  10:00  Zergling x2  
  55  10:01  Roach  
  52  10:08  Zergling x2  
  47  10:17  Queen  
  41  10:37  Hatchery  
Show
View Real Time Build Order
Export as new Build Order

A.I. 3 (Elite) Zerg 

Build Orders: Pool Only, Zergling Baneling 

Get SALT Encoding   

  12  0:01  Drone  
  13  0:08  Drone  
  14  0:18  Overlord  
  14  0:34  Spawning Pool  
  13  0:37  Drone  
  13  0:40  Extractor  
  13  0:43  Drone  
  13  0:47  Drone  
  15  1:23  Queen, Zergling x6  
  20  1:34  Zergling x2  
  20  1:39  Baneling Nest  
  20  1:45  Drone  
  21  1:55  Zergling x2  
  22  2:07  Overlord  
  22  2:25  Baneling, Zergling x2  
  22  2:28  Baneling, Zergling x2  
  22  2:29  Baneling, Zergling x6  
  27  2:30  Baneling  
  27  2:33  Baneling  
  27  2:39  Zergling x2  
  27  2:40  Baneling  
  27  2:43  Baneling  
  28  2:50  Zergling x2  
  28  3:01  Overlord  
  28  3:02  Zergling x2  
  29  3:08  Baneling  
  29  3:19  Zergling x2  
  31  3:20  Zergling x2  
  31  3:23  Zergling x2  
  32  3:33  Zergling x4  
  32  3:34  Zergling x2  
  33  3:37  Baneling x3  
  33  3:40  Baneling  
  28  3:50  Baneling x3, Zergling x2  
  29  3:56  Zergling x2  
  29  4:02  Zergling x2  
  31  4:07  Zergling x2  
  32  4:12  Zergling x2  
  33  4:17  Zergling x2  
  34  4:28  Overlord  
  34  4:46  Roach Warren  
  33  4:59  Lair  
  33  5:26  Roach  
  33  5:27  Extractor  
  34  5:36  Roach  
  36  5:45  Roach  
  38  5:50  Overlord  
  38  5:57  Drone  
  38  5:59  Hydralisk Den  
  38  6:02  Drone  
  39  6:12  Roach  
  41  6:19  Drone  
  42  6:25  Drone  
  42  6:28  Hydralisk  
  45  6:38  Hydralisk  
  47  6:49  Hydralisk  
  49  6:59  Overlord  
  49  7:08  Hydralisk  
  49  7:14  Drone  
  52  7:19  Drone  
  53  7:24  Drone  
  53  7:29  Drone  
  55  7:34  Drone  
  56  7:40  Drone  
  56  7:44  Drone  
  44  7:48  Zergling x2  
  32  7:52  Zergling x2  
  35  7:58  Roach  
  35  8:03  Roach  
  37  8:08  Roach  
  39  8:14  Roach  
  39  8:18  Hydralisk  
  43  8:21  Drone  
  40  8:27  Hydralisk  
  40  8:33  Hydralisk  
  44  8:37  Drone  
  42  8:46  Zergling x2  
  40  8:50  Roach, Zergling x2  
  40  8:52  Roach  
  45  9:02  Hydralisk  
  45  9:09  Roach  
  36  9:20  Zergling x2  
  36  9:21  Hydralisk  
  36  9:22  Roach, Zergling x2  
  37  9:32  Roach  
  39  9:42  Roach  
  41  9:46  Overseer  
  41  9:53  Hydralisk, Roach  
  41  9:56  Infestation Pit  
  41  9:57  Zergling x2  
  35  10:04  Zergling x2  
  34  10:15  Roach  
  30  10:26  Zergling x2  
Tags
 
Add a new tag
Caveats
  • Supply blocks, unpowered buildings, or Contaminate may cause inaccurate times.
  • Supply counts are checked every 10 seconds.